 Dungeon Crawl Stone Soup version 0.29-a0-43-g62a80824bf (webtiles) character file.

Game seed: 4379801010063718373

51 siradein the Charlatan (level 3, 0/29 HPs)
             Began as a Draconian Artificer on Feb 3, 2022.
             Slain by a gnoll (11 damage)
             ... on level 1 of the Dungeon.
             The game lasted 00:02:45 (1828 turns).

siradein the Charlatan (Draconian Artificer)        Turns: 1828, Time: 00:02:46

Health: 0/29       AC:  6    Str: 14    XL:     3   Next: 58%
Magic:  3/3        EV: 12    Int: 11    God:
Gold:   24         SH:  0    Dex: 13    Spells: 2/2 levels left

rFire   . . .      SeeInvis .   f - +0 long sword
rCold   . . .      Faith    .   (no shield)
rNeg    . . .      Spirit   .   (armour unavailable)
rPois   .          Reflect  .   (helmet restricted)
rElec   .          Harm     .   (no cloak)
rCorr   .          Rampage  .   (no gloves)
Will    .....                   i - +0 pair of boots
Stlth   ++........              (no amulet)
HPRegen 0.09/turn               (no ring)
MPRegen 0.08/turn               (no ring)

@: no status effects
A: AC +5, unfitting armour, cold-blooded
a: no special abilities


You were on level 1 of the Dungeon.
You visited 1 branch of the dungeon, and saw 2 of its levels.

You collected 24 gold pieces.

Inventory:

Hand Weapons
 f - a +0 long sword (weapon)
Missiles
 e - 5 poisoned darts
Armour
 i - a +0 pair of boots (worn)
Wands
 b - a wand of flame (15) (quivered)
 c - a wand of charming (15)
Potions
 a - 2 potions of curing {unknown}
 g - a potion of lignification {unknown}
 h - a potion of flight {unknown}
Miscellaneous
 d - a piece from Xom's chessboard (15/15)


   Skills:
 + Level 2.1 Fighting
 + Level 1.0 Long Blades
 + Level 2.7 Dodging
 - Level 0.8 Stealth
 + Level 3.5 Evocations


You had 2 spell levels left.
You didn't know any spells.
Your spell library contained the following spells:

 Spells                   Type           Power      Damage    Failure   Level
 Frozen Ramparts          Ice            0%         1d2       71%         3
 Ice Form                 Ice/Tmut       0%         N/A       98%         4
 Summon Ice Beast         Ice/Summ       0%         N/A       98%         4


Dungeon Overview and Level Annotations

Branches:
Dungeon (2/15)

Altars:


Innate Abilities, Weirdness & Mutations

Your plain brown scales are hard. (AC +5)
You cannot fit into any form of body armour.
You are cold-blooded and may be slowed by cold attacks.


Message History

A rat is nearby!
A rat is nearby!
A rat is nearby!
The rat bites you but does no damage.
You hit the rat but do no damage.
Your tail-slap misses the rat.
The rat misses you.
You closely miss the rat. The rat barely misses you. The rat misses you.
You hit the rat but do no damage.
Your tail-slap misses the rat.
The rat bites you but does no damage.
You slash the rat!
You kill the rat!
No target in view!
No target in view!
HP restored.
Things that are here:
a +0 short sword; a kobold corpse A gnoll comes into view.
It is wielding a +0 flail.
The gnoll shouts!
A gnoll comes into view. It is wielding a +0 halberd.
There are monsters nearby!
There are monsters nearby!
A gnoll comes into view. It is wielding a +0 flail.
The gnoll shouts!
You hit the gnoll but do no damage.
Your tail-slap misses the gnoll.
The gnoll hits you but does no damage.
You completely miss the gnoll. The gnoll hits you with a +0 flail.
The gnoll hits you from afar with a +0 halberd!
The gnoll hits you but does no damage.
The gnoll hits you from afar with a +0 halberd.
You are too injured to fight recklessly!
You are too injured to fight recklessly!
There is a stone staircase leading up here.
The gnoll hits you with a +0 halberd.
There is a stone staircase leading up here.
The gnoll misses you.
You climb upwards.
There is a stone staircase leading down here.
The gnoll barely misses you.
The gnoll hits you from afar with a +0 halberd!
You die...

#########......+....+.#
##'###.##....###
#...#.....#### #...#.....#
#...#.....# #...#.....#
####...#..)..#
#####............#####
#.........@.#+####...######
#...........g.# #.........
#.....######..####.........
#.....# #..>...'.......).
#..)..# #.....##....(...)
#.....# #.....#####.###'#
#.....# #.....# #.# #.#
#.....# ###.....# #.###.#
####### #.......#####...#.#


You could see a gnoll.

Vanquished Creatures
  2 adders (D:2)
  5 ball pythons
  6 endoplasms (D:1)
  4 goblins (D:1)
  3 hobgoblins (D:1)
  2 bats (D:1)
  4 frilled lizards
  4 kobolds
  2 rats
32 creatures vanquished.

Vanquished Creatures (others)
  2 fungi (D:1)
2 creatures vanquished.

Grand Total: 34 creatures vanquished

Notes
Turn   | Place    | Note
-------+----------+-------------------------------------------
     0 | D:1      | siradein the Draconian Artificer began the quest for the
                  | Orb.
     0 | D:1      | Reached XP level 1. HP: 16/16 MP: 1/1
   388 | D:1      | Reached XP level 2. HP: 21/23 MP: 2/2
  1356 | D:1      | Reached XP level 3. HP: 29/29 MP: 3/3
  1499 | D:1      | Found a faded altar of an unknown god.
  1630 | D:2      | Reached skill level 1 in Long Blades
  1828 | D:1      | Slain by a gnoll

Illustrated notes

Levels and vault maps discovered:
D:1:      saegor_arrival_simple_a, layout_basic,
          shapermc_ecumenical_altar_petra, minmay_misc_feat_tiny
D:2:      layout_loops_cross

Skill      XL: |  1  2  3 |
---------------+----------+-----
Fighting       | 2 |  2.1
Long Blades    | 1 |  1.0
Dodging        | |  2.7
Stealth        | |  0.8
Evocations     | |  3.5

Action                   || total
-------------------------++-------
Melee: Spear             ||    35
       Tailslap          ||    11
       Long sword        ||    80
       Punch             ||     2
 Stab: Sleeping          ||     3
Armor: Skin              ||    32
Dodge: Dodged            ||    87

Table legend: (Time is in decaauts)
 A = Elapsed time spent in this place.
 B = Non-inter-level travel time spent in this place.
 C = Inter-level travel time spent in this place.
 D = Time resting spent in this place.
 E = Time spent auto-exploring this place.
 F = Levels seen in this place.
 G = Mean time per level.
                   A        B        C        D        E       F      G
               +--------+--------+--------+--------+--------+-----+--------+
         Total |   1865 |   1802 |     63 |      0 |   1475 |   2 |  932.5 |
       Dungeon |   1865 |   1802 |     63 |      0 |   1475 |   2 |  932.5 |
               +--------+--------+--------+--------+--------+-----+--------+

Top non-repeatable levels by time:
     D:1: 1596 daAuts
     D:2: 268 daAuts
